 Dungeon Crawl Stone Soup version 0.31-a0-1074-g0b22e4e0f1 (webtiles) character file.

Game seed: 16043194317194564399

1165 bmb222 the Ruffian (level 8, -1/58 HPs)
             Began as a Demonspawn Chaos Knight on Nov 27, 2023.
             Was a Plaything of Xom.
             Slain by a sixfirhy (9 damage)
             ... summoned by Xom
             ... on level 7 of the Dungeon.
             The game lasted 00:09:42 (5060 turns).

bmb222 the Ruffian (Demonspawn Chaos Knight)        Turns: 5060, Time: 00:09:44

Health: -1/58      AC: 15    Str: 13    XL:     8   Next: 17%
Magic:  8/8        EV:  9    Int: 18    God:    Xom [*.....]
Gold:   358        SH:  4    Dex: 12    Spells: 7/7 levels left

rFire   . .          .
                       - Unarmed
rCold   . . .        (no shield)
rNeg    . . .        r - +0 scale mail
rPois   .            (helmet currently unavailable)
rElec   .            (cloak currently unavailable)
rCorr   .            m - melded +0 pair of gloves
SInv    +            (boots currently unavailable)
Will    .....        (no amulet) Stlth
                     g - ring of see invisible
HPRegen 0.29/turn    (no ring)
MPRegen 0.11/turn

%: no passive effects
@: about to teleport, beast-form, attractive
A: beast (slay +1), icemail 2, condensation shield, demonic touch 1, clever 1,
MP-powered wands
a: Begin Untransformation, Renounce Religion


You were on level 7 of the Dungeon.
You worshipped Xom.
You were a special plaything of Xom.
You were a hulking beast.
You visited 1 branch of the dungeon, and saw 8 of its levels.
You also visited: Ossuary.

You collected 358 gold pieces.

Inventory:

Armour
 b - a +2 leather armour
 d - a +0 ring mail
 m - a +0 pair of gloves (melded)
 r - a +0 scale mail (worn)
Jewellery
 g - a ring of see invisible (left hand)
Talismans
 q - a beast talisman (active)
Wands
 n - a wand of polymorph (3)
 u - a wand of roots (10)
Scrolls
 c - a scroll of butterflies
 i - 2 scrolls of vulnerability {unknown}
 k - a scroll of teleportation
 l - a scroll of immolation {unknown}
 s - a scroll of noise
 t - 2 scrolls of amnesia
 v - a scroll of enchant armour
 y - a scroll of poison {unknown}
 z - 2 scrolls of identify
Potions
 a - a potion of enlightenment {unknown}
 f - 6 potions of curing {unknown}
 h - 2 potions of might {unknown}
 j - 4 potions of lignification {unknown}
 o - a potion of ambrosia {unknown}
 p - a potion of magic {unknown}
 w - a potion of mutation {unknown}
 x - a potion of attraction


   Skills:
 + Level 3.5 Fighting
 - Level 4.2 Long Blades
 * Level 4.7 Armour
 + Level 1.6 Dodging
 + Level 1.2 Shields
 * Level 5.2 Unarmed Combat
 * Level 2.5 Shapeshifting


You had 7 spell levels left.
You didn't know any spells.
Your spell library contained the following spells:

 Spells                   Type           Power      Damage    Failure   Level
 Lesser Beckoning         Tloc           0%         N/A       80%         2
 Poisonous Vapours        Pois/Air       0%         N/A       80%         2
 Static Discharge         Conj/Air       0%         3-3/arc   80%         2
 Gell's Gravitas          Tloc           0%         N/A       95%         3
 Inner Flame              Hex/Fire       0%         N/A       95%         3
 Mephitic Cloud           Conj/Pois/Air  0%         N/A       95%         3
 Ozocubu's Armour         Ice            0%         N/A       95%         3
 Teleport Other           Tloc           0%         N/A       95%         3
 Airstrike                Air            0%         2d(0-16)  100%        4
 Flame Wave               Conj/Fire      0%         2d4       100%        4
 Sticky Flame             Conj/Fire      0%         2d3       100%        4
 Summon Lightning Spire   Summ/Air       0%         N/A       100%        4
 Freezing Cloud           Conj/Ice/Air   0%         6-21      100%        5
 Ozocubu's Refrigeration  Ice            0%         4d7       100%        7


Dungeon Overview and Level Annotations

Branches:
Dungeon (8/15)            Ossuary (visited)
 Temple: D:4-7         Lair: D:8-11

Altars:
Cheibriados
Fedhas
Okawaru
Wu Jian

Annotations:
D:4 2 transporters, pigah's ghost, amateur OpSh
D:5 1 runed translucent door, RandomusNamus's ghost, novice OpSh


Innate Abilities, Weirdness & Mutations

You are a hulking beast.
Your limbs bulge with bestial killing power. (Slay +1)
A meltable icy envelope protects you from harm. (AC +8)
A meltable shield of frost defends you. (SH +4)
Your touch may inflict minor irresistible damage on your foes.
Your mind is acute. (Int +4, Str/Dex -1)
You expend magic power (3 MP) to strengthen your wands.


Message History

The puff of frost hits you.
* * * LOW HITPOINT WARNING * * *
Unknown command.
You feel much better. "Have a taste of chaos, mortal."
The centaur's +0 shortbow erupts in a glittering mayhem of colour.
The white imp hits you but does no damage.
The sixfirhy barely misses you.
The sixfirhy hits you but does no damage.
The sixfirhy closely misses you. The white imp gestures at you.
The puff of frost hits you. The sixfirhy barely misses you.
You block the sixfirhy's attack. The sixfirhy hits you!
* * * LOW HITPOINT WARNING * * *
The sixfirhy shocks you!
* * * LOW HITPOINT WARNING * * *
Unknown command.
You feel much better.
A gnoll comes into view. It is wielding a +0 flail.
The gnoll shouts!
The white imp attacks as it pursues you!
The white imp hits you but does no damage.
There is an open door here.
As you read the scroll of teleportation, it crumbles to dust.
You feel strangely unstable. The sixfirhy hits you! The sixfirhy shocks you!
* * * LOW HITPOINT WARNING * * *
The sixfirhy hits you but does no damage.
The white imp gestures at you.
The puff of frost hits you but does no damage.
The sixfirhy barely misses you.
A gnoll comes into view. It is wielding a +0 club.
Okay, then.
It was a potion of attraction.
You feel attractive to monsters.
The sixfirhy hits you but does no damage.
The sixfirhy hits you.
* * * LOW HITPOINT WARNING * * *
The sixfirhy shocks you!
You die...
Xom guffaws!

..... .....
......
###......
#o.5.c... #c#
##.#
#53#######g
#.5h.._g.'. ...
#..###.###. #.#
#..# #.#
#..###+### #.#
#......... #.#
##.#######. #.#
#..# #.#######
#.##
........#####.#


You could see a sixfirhy (summoned), a centaur, an iron imp (summoned), 2
gnolls, a white imp (summoned) and an orc.

Vanquished Creatures
  A bullfrog (D:5)
  7 water moccasin zombies (Ossuary)
  A scorpion (D:6)
  2 wights (D:6)
  A hound (D:6)
  A jelly (D:6)
  An orc priest (D:6)
  2 sleepcaps
  Jessica (D:3)
  2 iguanas
  2 orc wizards (D:6)
  3 mummies
  7 adders
  A white imp (D:4)
  6 ufetubi
  4 adder zombies (Ossuary)
  2 worms
  6 dart slugs
  5 orcs
  8 endoplasms
  3 gnoll zombies (Ossuary)
  12 goblins
  4 hobgoblins
  4 jackals (D:2)
  9 kobolds
  7 quokkas
  7 ball pythons
  6 bats
  3 frilled lizards
  A goblin skeleton (D:4)
  2 goblin zombies
  7 hobgoblin zombies
  7 kobold zombies
  An orc skeleton (D:4)
  7 orc zombies
  4 rats
147 creatures vanquished.

Notes
Turn   | Place    | Note
-------+----------+-------------------------------------------
     0 | D:1      | bmb222 the Demonspawn Chaos Knight began the quest for the
                  | Orb.
     0 | D:1      | Reached XP level 1. HP: 18/18 MP: 1/1
    95 | D:1      | XOM: silly message
   104 | D:1      | XOM: divination: detect creatures
   121 | D:1      | XOM: silly message
   144 | D:1      | Found a faded altar of an unknown god.
   186 | D:1      | Gained mutation: A meltable shield of frost defends you.
                  | (SH +4) [demonic ancestry]
   186 | D:1      | Reached XP level 2. HP: 23/24 MP: 2/2
   418 | D:1      | XOM: summons 1 hostile shadow creature
   437 | D:1      | Reached XP level 3. HP: 29/29 MP: 3/3
   686 | D:2      | XOM: 2-stop teleportation journey
   691 | D:2      | Found an iron altar of Okawaru.
   734 | D:2      | Reached skill level 1 in Unarmed Combat
   877 | D:2      | XOM: smoke on damage
   967 | D:2      | Reached XP level 4. HP: 28/35 MP: 4/4
  1191 | D:2      | XOM: stat loss: -1 Dex (12/13)
  1574 | D:3      | Found a blossoming altar of Fedhas.
  1802 | D:3      | Noticed Jessica
  1808 | D:3      | Killed Jessica
  1809 | D:3      | Discovered your monstrous ancestry.
  1809 | D:3      | Gained mutation: Your touch may inflict minor irresistible
                  | damage on your foes. [demonic ancestry]
  1809 | D:3      | Reached XP level 5. HP: 24/41 MP: 5/5
  2205 | D:4      | XOM: polymorph crimson imp -> white imp
  2710 | D:4      | Noticed a phantom
  2717 | D:4      | Noticed pigah's ghost (amateur OpSh)
  2793 | D:4      | Found a transporter.
  2797 | D:4      | Found a transporter.
  3088 | D:5      | Entered Level 5 of the Dungeon
  3088 | D:5      | Found a runed translucent door.
  3089 | D:5      | Noticed RandomusNamus's ghost (novice OpSh)
  3118 | D:5      | Noticed an ice beast
  3380 | D:5      | Reached skill level 1 in Dodging
  3527 | D:5      | Reached skill level 2 in Unarmed Combat
  3527 | D:5      | Gained mutation: A meltable icy envelope protects you from
                  | harm. (AC +8) [demonic ancestry]
  3527 | D:5      | Reached XP level 6. HP: 39/47 MP: 6/6
  3606 | D:5      | XOM: noise
  3735 | D:5      | XOM: confuse monster(s)
  4090 | D:6      | XOM: 1-stop teleportation journey
  4094 | D:6      | Found an ornate altar of the Wu Jian Council.
  4126 | D:6      | Reached skill level 1 in Shapeshifting
  4243 | D:6      | Reached skill level 3 in Unarmed Combat
  4248 | D:6      | Reached skill level 1 in Shields
  4248 | D:6      | Gained mutation: A meltable icy envelope protects you from
                  | harm. (AC +8) [demonic ancestry]
  4248 | D:6      | Reached XP level 7. HP: 47/52 MP: 7/7
  4336 | D:6      | XOM: enchant monster (good)
  4340 | D:6      | XOM: summons 2 friendly demons
  4373 | D:6      | Found a snail-covered altar of Cheibriados.
  4478 | D:6      | XOM: noise
  4547 | D:6      | You fall into a shaft and drop 2 floors!
  4645 | D:7      | Found a sand-covered staircase.
  4648 | D:7      | XOM: smoke on damage
  4707 | Ossuary  | Entered an ossuary
  4731 | Ossuary  | XOM: noise
  4754 | Ossuary  | Reached skill level 4 in Unarmed Combat
  4808 | Ossuary  | XOM: chaos cloud
  4827 | Ossuary  | Reached XP level 8. HP: 48/58 MP: 8/8
  4877 | Ossuary  | Reached skill level 5 in Unarmed Combat
  5040 | D:7      | XOM: give mutations
  5040 | D:7      | Gained mutation: Your mind is acute. (Int +4, Str/Dex -1)
                  | [Xom's mischief]
  5040 | D:7      | Gained mutation: You expend magic power (3 MP) to
                  | strengthen your wands. [Xom's mischief]
  5044 | D:7      | Found an iron altar of Okawaru.
  5048 | D:7      | XOM: summons 5 hostile demons
  5049 | D:7      | Noticed a sixfirhy
  5053 | D:7      | HP: 1/58 [white imp/puff of frost[Xom] (5)]
  5054 | D:7      | XOM: chaos upgrade
  5060 | D:7      | Slain by a sixfirhy

Illustrated notes

Levels and vault maps discovered:
D:1:      minmay_arrival_wavy_path, layout_rooms,
          chequers_ecumenical_altar_simple
D:2:      layout_loops_ring, basic_altar, serial_glass, glass_columns_b,
          glass_columns_b, minmay_misc_feat_pillars, nicolae_titane
D:3:      layout_basic, fedhas_altar_3, chequers_decorated_corner,
          minmay_misc_feat_hallway, uniq_jessica
D:4:      layout_basic, nicolae_tso_besieged_by_evil, gammafunk_ghost_arena
D:5:      minmay_goblin_kobold_castle, layout_loops_ring,
          chequers_temple_overflow_minitemple, kennysheep_mini,
          ebering_ghost_sewer_d
D:6:      layout_basic, general_overflow_altar, kennysheep_slug_shrine,
          pdpol_wu_jian_five_deadly_venoms, grunt_tough_drop
D:7:      layout_basic, lemuel_doored_altar, minmay_temple_entry_crystal_x,
          nicolae_ossuary_entry_giza, minmay_mini_ossuary
D:8:      layout_loops_ring, minmay_ruined_shrine, uniq_maurice

Skill      XL: |  1  2  3  4  5  6  7  8 |
---------------+-------------------------+-----
Armour         | 2 3 4 |  4.7
Long Blades    | 3 4 |  4.2
Unarmed Combat | 1 2 3 4 5 |  5.2
Dodging        | 1 |  1.6
Shapeshifting  | 1 2 |  2.5
Shields        | 1 |  1.2
Fighting       | |  3.5

Action                     |  1- 3 |  4- 6 |  7- 9 || total
---------------------------+-------+-------+-------++-------
  Melee: Falchion          |   144 |    68 |       ||   212
         Unarmed           |       |   194 |   197 ||   391
         Touch             |       |    40 |    46 ||    86
         Punch             |       |     2 |    10 ||    12
    Use: Scroll            |       |     1 |     5 ||     6
         Potion            |       |     1 |     3 ||     4
   Stab: Paralysed         |     1 |       |       ||     1
         Petrified         |       |       |     6 ||     6
 Armour: Ring mail         |   107 |    87 |       ||   194
         Scale mail        |       |   104 |   121 ||   225
  Dodge: Dodged            |    82 |   148 |    65 ||   295
  Block: Other             |    22 |    48 |    28 ||    98
   Form: Beast             |       |     1 |       ||     1

Table legend: (Time is in decaauts)
 A = Elapsed time spent in this place.
 B = Non-inter-level travel time spent in this place.
 C = Inter-level travel time spent in this place.
 D = Time resting spent in this place.
 E = Time spent auto-exploring this place.
 F = Levels seen in this place.
 G = Mean time per level.
                   A        B        C        D        E       F      G
               +--------+--------+--------+--------+--------+-----+--------+
         Total |   5069 |   4985 |     84 |    711 |   2723 |   9 |  563.2 |
       Dungeon |   4763 |   4679 |     84 |    649 |   2671 |   8 |  595.4 |
       Ossuary |    306 |    306 |      0 |     62 |     52 |   1 |  306.0 |
               +--------+--------+--------+--------+--------+-----+--------+

Top non-repeatable levels by time:
     D:4: 1162 daAuts
     D:2: 912 daAuts
     D:5: 743 daAuts
     D:1: 659 daAuts
     D:3: 620 daAuts
     D:6: 470 daAuts
 Ossuary: 306 daAuts
     D:7: 137 daAuts
     D:8: 56 daAuts
